 Dungeon Crawl Stone Soup version 0.21.1-1-g345015fe64 (webtiles) character file.

875 Gargoyl the Skirmisher (level 7, 0/60 HPs)
             Began as a Centaur Abyssal Knight on July 27, 2018.
             Was a Believer of Lugonu.
             Slain by an ogre
             ... wielding a +0 giant spiked club
              (12 damage)
             ... on level 6 of the Dungeon.
             The game lasted 00:09:29 (4794 turns).

Gargoyl the Skirmisher (Centaur Abyssal Knight)     Turns: 4794, Time: 00:09:30

Health: 0/60       AC: 18    Str: 18    XL:     7   Next: 74%
Magic:  10/10      EV:  3    Int: 11    God:    Lugonu [**....]
Gold:   173        SH:  0    Dex: 10    Spells: 6/6 levels left

rFire    . . .     SeeInvis .   e - +2 spear (venom)
rCold    . . .     Gourm    .   (no shield)
rNeg     . . .     Faith    .   d - +0 chain mail
rPois    .         Spirit   .   (helmet restricted)
rElec    .         Reflect  .   (no cloak)
rCorr    .         Harm     .   o - +2 pair of gloves {Str+3}
MR       .....     Rnd*Rage +   r - +2 centaur barding
Stlth    ..........             (no amulet)
HPRegen  0.20/turn              (no ring)
MPRegen  0.12/turn              (no ring)

@: very quick
A: large, antennae 1, hooves 3, berserk 1, deformed body, speed 2, tough skin 3
a: Depart the Abyss, Bend Space, Renounce Religion


You were on level 6 of the Dungeon.
You worshipped Lugonu.
Lugonu was pleased with you.
You were hungry.

You visited 1 branch of the dungeon, and saw 6 of its levels.
You visited the Abyss 1 time.

You collected 173 gold pieces.

Inventory:

Hand Weapons
 a - a +1 hand axe
 e - a +2 spear of venom (weapon)
 l - a +3 spear
Armour
 d - a +0 chain mail (worn)
 o - a +2 pair of gloves of strength (worn)
 r - a +2 centaur barding (worn)
Scrolls
 b - 3 scrolls of identify
 k - 5 scrolls of remove curse
 n - 2 scrolls of amnesia
 p - 3 scrolls of teleportation
Potions
 f - 3 potions of might
 g - 2 potions of haste
 h - a potion of lignification
 i - 2 potions of curing
 j - a potion of flight
 m - 2 potions of resistance
Comestibles
 c - 12 rations


   Skills:
 + Level 4.6 Fighting
 + Level 2.3(3.2) Axes
 + Level 3.3(3.7) Polearms
 * Level 4.4 Armour
 + Level 1.1 Dodging
 * Level 4.2 Invocations


You had 6 spell levels left.
You didn't know any spells.

Dungeon Overview and Level Annotations

Branches:
Dungeon (6/15)             Temple (0/1) D:5

Altars:
Dithmenos
Gozag
Kikubaaqudgha
Ru
Uskayaw
Yredelemnul

Annotations:
D:4 2 transporters, Menkaure


Innate Abilities, Weirdness & Mutations

You have hooves in place of feet.
Armour fits poorly on your strangely shaped body.
You cover ground very quickly.
You have extremely tough skin. (AC +3)
You have a pair of small antennae on your head.
You tend to lose your temper in combat.


Message History

The orc wizard casts a cantrip, but nothing happens.
The orc hits you with a whip of electrocution.
Things that are here:
a war axe; a leather armour; an orc corpse Unknown command.
You closely miss the ogre.
The orc wizard hits you but does no damage.
The orc hits you but does no damage.
The ogre hits you with a giant spiked club!
Unknown command.
You closely miss the ogre. You kick the ogre.
The ogre is lightly wounded.
The orc wizard hits you but does no damage.
The orc hits you but does no damage. x2; You are electrocuted!
* * * LOW HITPOINT WARNING * * *
Unknown command.
You puncture the ogre!
The ogre is poisoned.
You kick the ogre.
The ogre is heavily wounded.
The ogre hits you with a giant spiked club!
You die...

######## ##......###
..........### ##
............# #.#
............# #.#
......ooo...# #.#######
......O@....# #..##....
............####........
........................
........................
........................
#........#####.....####>
########## ##.....# ##
#......# #......#


You could see an ogre, an orc wizard and 2 orcs.

Vanquished Creatures
  A water moccasin (D:5)
  2 ogres
  4 crimson imps
  A quasit (D:5)
  2 hounds
  An orc wizard (D:4)
  An orc priest (D:4)
  2 iguanas
  A hound skeleton (D:4)
  A howler monkey skeleton (D:5)
  9 adders
  2 river rats (D:5)
  6 gnolls
  2 worms (D:2)
  5 orcs
  6 giant cockroaches
  3 goblins
  12 jackals
  5 quokkas
  A ball python (D:5)
  3 bats
  4 frilled lizards
  6 kobolds
  A quokka skeleton (D:5)
  9 rats
90 creatures vanquished.

Notes
Turn   | Place    | Note
-------+----------+-------------------------------------------
     0 | Abyss:1  | Gargoyl the Centaur Abyssal Knight began the quest for the Orb.
     0 | Abyss:1  | Reached XP level 1. HP: 19/19 MP: 2/2
    30 | Abyss:1  | Noticed a large abomination
    34 | Abyss:1  | Noticed a small abomination
    72 | Abyss:1  | Noticed a starcursed mass
    72 | Abyss:1  | Noticed a large abomination
    73 | Abyss:1  | Noticed a ynoxinul
    81 | D:1      | Escaped the Abyss
   684 | D:1      | Reached * piety under Lugonu
   686 | D:1      | You fall through a shaft!
   686 | D:2      | Found a shadowy altar of Dithmenos.
   700 | D:2      | Reached XP level 2. HP: 26/26 MP: 3/3
   725 | D:2      | Reached XP level 3. HP: 27/31 MP: 4/4
   929 | D:2      | Reached XP level 4. HP: 35/40 MP: 5/5
  1423 | D:2      | Found a hide-covered altar of Uskayaw.
  1476 | D:3      | Gained mutation: You occasionally shout uncontrollably at your foes. [potion of mutation]
  1476 | D:3      | Gained mutation: Your body sometimes deteriorates upon taking damage. [potion of mutation]
  1476 | D:3      | Gained mutation: Your spells are a little harder to cast, but a little more powerful. [potion of mutation]
  1477 | D:3      | Lost mutation: You occasionally shout uncontrollably at your foes. [potion of mutation]
  1477 | D:3      | Lost mutation: Your spells are a little harder to cast, but a little more powerful. [potion of mutation]
  1477 | D:3      | Lost mutation: Your body sometimes deteriorates upon taking damage. [potion of mutation]
  1477 | D:3      | Gained mutation: You tend to lose your temper in combat. [potion of mutation]
  1477 | D:3      | Gained mutation: You have a pair of small antennae on your head. [potion of mutation]
  1553 | D:3      | Reached ** piety under Lugonu
  1576 | D:3      | Reached XP level 5. HP: 45/46 MP: 7/7
  1987 | D:3      | Reached skill level 1 in Polearms
  2457 | D:4      | Found a sacrificial altar of Ru.
  2510 | D:4      | Reached XP level 6. HP: 44/52 MP: 8/8
  2630 | D:4      | Found a basalt altar of Yredelemnul.
  2631 | D:4      | Found a transporter.
  2633 | D:4      | Noticed Menkaure
  2635 | D:4      | Found an ancient bone altar of Kikubaaqudgha.
  2653 | D:4      | Found a transporter.
  2869 | D:4      | Reached skill level 1 in Dodging
  3136 | D:4      | Found an opulent altar of Gozag.
  3427 | D:5      | Entered Level 5 of the Dungeon
  3520 | D:5      | Noticed a water moccasin
  3541 | D:5      | Killed a water moccasin
  3541 | D:5      | Reached XP level 7. HP: 27/60 MP: 9/9
  4181 | D:5      | Found a staircase to the Ecumenical Temple.
  4794 | D:6      | Slain by an ogre

Skill      XL: |  1  2  3  4  5  6  7 |
---------------+----------------------+-----
Fighting       | 4 |  4.6
Axes           | 2 |  2.3
Armour         | 2 3 4 |  4.4
Polearms       | 1 2 3 |  3.3
Dodging        | 1 |  1.1
Invocations    | 3 4 |  4.2

Action                   |  1- 3 |  4- 6 |  7- 9 || total
-------------------------+-------+-------+-------++-------
Melee: Spear             |    42 |   159 |    91 ||   292
       Hand axe          |     5 |       |       ||     5
       Kick              |     7 |    28 |    21 ||    56
Invok: Depart the Abyss  |     1 |       |       ||     1
  Use: Scroll            |     1 |     9 |     5 ||    15
       Potion            |       |     2 |       ||     2
  Eat: Chunk             |       |     6 |     3 ||     9
Armor: Chain mail        |    26 |    94 |   106 ||   226
Dodge: Dodged            |    10 |    33 |     9 ||    52
